cohdb
Replays
Latest Replays
All Replays
Popular Replays
Top Player Replays
Match Explorer
How It Works
Community
CoH3 Stats
Reddit
Sign in to upload your games and track your stats! →
Sign in with Steam
Match 43344511
Unlisted
Match 43344511
Overview
Messages
Build Orders
End
Pioneer Squad
Construct Infanterie Kompanie
Selects Breakthrough Battlegroup
Selects Assault Grenadiers
Grenadier Squad
MG 42 Machine Gun Team
Grenadier Squad
Infanterie Officer Quarters
Grenadier Squad
Selects 2.5-tonne Cargo Truck
Construct Panzergrenadier Kompanie
Support Elements
Selects Blitzkrieg
MG 42 Bunker
StuG III G Assault Gun
Nebelwerfer 42 Rocket Launcher Team
Selects Panzer IV Command Tank Sd.Kfz. 161/1
Panzer IV Command Tank
2.5-tonne Cargo Truck
Side Skirts
Construct Panzer Kompanie
2.5-tonne Cargo Truck
Panzer IV Medium Tank
Panzer IV Medium Tank
Selects Smoke Bombing Run
Selects Incendiary Bombing Run
Blitzkrieg
Incendiary Bombing Run
Panzer IV Medium Tank
Panzer Officer Quarters
Blitzkrieg
Smoke Bombing Run
cbigney
DongFencer
Prof. Dr. Redbullet (GER)
simranjitsingh713
Smiguel
IIIIIIIIIIIIIIII
Luzinit24
Yishihan
0
0
Comments
sign in to comment!
No comments posted yet!